 Dungeon Crawl Stone Soup version 0.26-a0-812-g31a745ddcd (webtiles) character file.

Game seed: 5723859363191571028

1513 Glokmah the Fighter (level 8, 0/71 HPs)
             Began as a Gnoll Wanderer on Nov 13, 2020.
             Was a Believer of Makhleb.
             Slain by a gnoll sergeant
             ... wielding a +0 trident of distortion
              (17 damage)
             ... on level 6 of the Dungeon.
             The game lasted 00:14:53 (5351 turns).

Glokmah the Fighter (Gnoll Wanderer)                Turns: 5351, Time: 00:14:54

Health: 0/71       AC: 15    Str: 19    XL:     8   Next: 83%
Magic:  17/17      EV:  9    Int: 14    God:    Makhleb [**....]
Gold:   352        SH:  0    Dex: 13    Spells: 18/19 levels left

rFire    . . .     SeeInvis .   b - +3 hand axe (flame)
rCold    . . .     Faith    .   (no shield)
rNeg     + . .     Spirit   .   H - +1 chain mail {MR+}
rPois    .         Reflect  .   u - +0 helmet
rElec    .         Harm     .   h - +2 cloak
rCorr    .         Rampage  .   k - +0 pair of gloves (curse)
MR       +....                  (no boots)
Stlth    ..........             (no amulet)
HPRegen  0.21/turn              y - ring of positive energy
MPRegen  0.15/turn              (no ring)

@: no status effects
A: distributed training, fangs 1, strong nose
a: Minor Destruction, Renounce Religion


You were on level 6 of the Dungeon.
You worshipped Makhleb.
Makhleb was pleased with you.
You visited 1 branch of the dungeon, and saw 6 of its levels.

You collected 352 gold pieces.

Inventory:

Hand Weapons
 a - a +2 spear
 b - a +3 hand axe of flaming (weapon)
 f - a +1 short sword of speed
 o - a +2 quarterstaff of chaos
 v - a +2 dagger of venom
 C - a +0 vorpal war axe
Missiles
 j - 17 boomerangs (quivered)
 l - 159 stones
 t - 8 atropa-tipped darts
 E - 12 poisoned darts
 J - a throwing net
Armour
 h - a +2 cloak (worn)
 k - a cursed +0 pair of gloves (worn)
 s - a +0 troll leather armour
 u - a +0 helmet (worn)
 H - a +1 chain mail of magic resistance (worn)
Jewellery
 y - a ring of positive energy (left hand)
 I - an uncursed ring of positive energy
Wands
 r - a wand of disintegration (17)
Scrolls
 g - a scroll of magic mapping
 i - a scroll of fear
 m - a scroll of amnesia
 n - 2 scrolls of remove curse
 q - 2 scrolls of teleportation
 x - a scroll of fog
 G - a scroll of noise {unknown}
Potions
 c - 2 potions of haste
 d - 4 potions of curing
 e - a potion of invisibility
 p - a potion of mutation
 w - a potion of attraction
 z - a potion of cancellation {unknown}
 A - 2 potions of heal wounds
 B - a potion of lignification {unknown}
 D - a potion of ambrosia {unknown}
 F - 2 potions of magic {unknown}


   Skills:
 + Level 9.3 Fighting
 + Level 3.6 Short Blades
 + Level 3.6 Long Blades
 + Level 3.6 Axes
 + Level 3.6 Maces & Flails
 + Level 3.6 Polearms
 + Level 3.6 Staves
 + Level 3.6 Slings
 + Level 3.6 Bows
 + Level 3.6 Crossbows
 + Level 5.9 Throwing
 + Level 3.6 Armour
 + Level 4.5 Dodging
 + Level 3.6 Stealth
 + Level 3.6 Shields
 + Level 3.6 Unarmed Combat
 + Level 6.2 Spellcasting
 + Level 3.0 Conjurations
 + Level 3.0 Hexes
 + Level 3.0 Summonings
 + Level 3.0 Necromancy
 + Level 3.0 Translocations
 + Level 3.0 Transmutations
 + Level 3.0 Fire Magic
 + Level 3.0 Ice Magic
 + Level 3.0 Air Magic
 + Level 3.7 Earth Magic
 + Level 3.0 Poison Magic
 + Level 4.0 Invocations
 + Level 3.6 Evocations


You had 18 spell levels left.
You knew the following spells:

 Your Spells              Type           Power        Failure   Level
a - Sandblast             Erth           ##....       36%         1

Your spell library contained the following spells:

 Spells                   Type           Power        Failure   Level
 Stone Arrow              Conj/Erth      ##....       78%         3


Dungeon Overview and Level Annotations

Branches:
Dungeon (6/15)             Temple (0/1) D:4

Altars:
Gozag
Kikubaaqudgha
Makhleb
Nemelex Xobeh
Xom


Innate Abilities, Weirdness & Mutations

Your experience applies equally to all skills.
You have very sharp teeth.
Your uncanny sense of smell can sniff out nearby items.


Message History

Press: ? - help, Shift-Dir - straight line, f/p - gnoll sergeant
Aim: a gnoll sergeant, wielding a +0 trident of distortion and wearing a +0 ring mail (severely wounded)
The gnoll sergeant writhes in agony.
The gnoll hits you from afar with a +0 halberd.
The gnoll sergeant hits you from afar with a +0 trident of distortion.
Space bends around you. The gnoll barely misses you.
The gnoll hits you from afar with a +0 spear.
You struggle against the net.
The gnoll barely misses you.
The gnoll sergeant hits you from afar with a +0 trident of distortion.
Space bends around you. The gnoll barely misses you.
The gnoll hits you from afar with a +0 spear.
You tear a large gash into the net.
The gnoll hits you but does no damage.
The gnoll sergeant hits you but does no damage.
The gnoll hits you but does no damage. x2
You shred the net and break free!
The gnoll hits you from afar with a +0 halberd.
The gnoll sergeant hits you from afar with a +0 trident of distortion!
* * * LOW HITPOINT WARNING * * *
Space warps horribly around you!
You die...

# # .... ...... #
............# #......
##............# ##......g
##............ ##......<.
.#...........###.........
.#...........#....g......
.##...............g......
..##............@.g.)....
.................)g......
.##.####.....###.........
.#..)# ##....# #.........
.#.#)####....###.........
.#.._..##.....##.........
.###.#........###........
.# #..........# ##.......
.##...........#


You could see a gnoll sergeant and 3 gnolls.

Vanquished Creatures
  An ice beast (D:5)
  An orc warrior (D:6)
  A phantom (D:4)
  An ogre (D:5)
  A gnoll sergeant (D:6)
  A scorpion (D:5)
  5 wights (D:6)
  A howler monkey (D:4)
  5 orc wizards
  2 hounds
  Crazy Yiuf (D:2)
  5 orc priests
  2 iguanas (D:6)
  Ijyb (D:4)
  A worker ant (D:5)
  A worker ant zombie (D:5)
  6 adders
  11 gnolls
  3 shadow imps
  2 oozes
  An adder skeleton (D:6)
  2 worms
  3 dart slugs
  4 leopard geckos
  32 orcs
  5 goblins
  2 hobgoblins
  7 jackals
  9 kobolds
  2 quokkas (D:2)
  3 ball pythons
  6 bats (D:3)
  5 frilled lizards
  A leopard gecko zombie (D:5)
  A quokka skeleton (D:4)
  3 rats
138 creatures vanquished.

Notes
Turn   | Place    | Note
-------+----------+-------------------------------------------
     0 | D:1      | Glokmah the Gnoll Wanderer began the quest for the Orb.
     0 | D:1      | Glokmah set off with the following items: a +2 spear, a
                  | potion of curing, a +0 robe; and the following spell
                  | memorised: Sandblast; and the following spells available to
                  | memorise: Stone Arrow
     0 | D:1      | Reached XP level 1. HP: 26/26 MP: 6/6
   237 | D:1      | Reached XP level 2. HP: 33/33 MP: 7/7
   917 | D:2      | Found a burning altar of Makhleb.
   926 | D:2      | Reached skill level 1 in Short Blades
   926 | D:2      | Reached skill level 1 in Long Blades
   926 | D:2      | Reached skill level 1 in Axes
   926 | D:2      | Reached skill level 1 in Maces & Flails
   926 | D:2      | Reached skill level 1 in Polearms
   926 | D:2      | Reached skill level 1 in Staves
   926 | D:2      | Reached skill level 1 in Slings
   926 | D:2      | Reached skill level 1 in Bows
   926 | D:2      | Reached skill level 1 in Crossbows
   926 | D:2      | Reached skill level 1 in Armour
   926 | D:2      | Reached skill level 1 in Stealth
   926 | D:2      | Reached skill level 1 in Shields
   926 | D:2      | Reached skill level 1 in Unarmed Combat
   926 | D:2      | Reached skill level 5 in Spellcasting
   926 | D:2      | Reached skill level 1 in Invocations
   926 | D:2      | Reached skill level 1 in Evocations
   926 | D:2      | Reached XP level 3. HP: 31/38 MP: 7/9
   932 | D:2      | Became a worshipper of Makhleb the Destroyer
  1019 | D:2      | Reached XP level 4. HP: 42/45 MP: 11/11
  1245 | D:2      | Found a runed translucent door.
  1246 | D:2      | Noticed Crazy Yiuf
  1258 | D:2      | Killed Crazy Yiuf
  1258 | D:2      | Reached skill level 1 in Conjurations
  1258 | D:2      | Reached skill level 1 in Hexes
  1258 | D:2      | Reached skill level 1 in Summonings
  1258 | D:2      | Reached skill level 1 in Necromancy
  1258 | D:2      | Reached skill level 1 in Translocations
  1258 | D:2      | Reached skill level 1 in Transmutations
  1258 | D:2      | Reached skill level 1 in Fire Magic
  1258 | D:2      | Reached skill level 1 in Ice Magic
  1258 | D:2      | Reached skill level 1 in Air Magic
  1258 | D:2      | Reached skill level 1 in Poison Magic
  1900 | D:3      | Reached XP level 5. HP: 48/51 MP: 12/12
  2420 | D:3      | Reached * piety under Makhleb
  2708 | D:3      | Found an opulent altar of Gozag.
  2801 | D:4      | Noticed Ijyb
  2817 | D:4      | Killed Ijyb
  2817 | D:4      | Reached XP level 6. HP: 42/57 MP: 11/13
  2975 | D:4      | Found a staircase to the Ecumenical Temple.
  3009 | D:4      | Reached skill level 5 in Throwing
  3323 | D:4      | Noticed a phantom
  3348 | D:4      | Killed a phantom
  3348 | D:4      | Reached XP level 7. HP: 61/63 MP: 10/15
  3589 | D:5      | Entered Level 5 of the Dungeon
  3887 | D:5      | Reached skill level 9 in Fighting
  4095 | D:5      | Reached ** piety under Makhleb
  4124 | D:5      | Reached XP level 8. HP: 61/71 MP: 16/16
  4302 | D:5      | Found an ancient bone altar of Kikubaaqudgha.
  4302 | D:5      | Found a shimmering altar of Xom.
  4897 | D:6      | Found an opulent altar of Gozag.
  5233 | D:6      | Found a sparkling altar of Nemelex Xobeh.
  5351 | D:6      | Slain by a gnoll sergeant

Illustrated notes

Levels and vault maps discovered:
D:1:      tarquinn_simple_flora_water_d, layout_basic, serial_bayou_pond_d
D:2:      minmay_alternating_diamond, layout_loops_ring,
          makhleb_heckhound_becter, uniq_crazy_yiuf_cottage
D:3:      minmay_general_purpose_star, layout_basic, old_standard_altar
D:4:      layout_rooms, minmay_temple_entry_antechambers,
          chequers_serial_rivers_room_a, uniq_ijyb
D:5:      minmay_chambers_of_threes, layout_rooms,
          gammafunk_temple_overflow_pools
D:6:      layout_cave_pods, lemuel_crystal_altar, basic_altar

Skill      XL: |  1  2  3  4  5  6  7  8 |
---------------+-------------------------+-----
Earth Magic    | 2 3 |  3.7
Short Blades   | 1 2 3 |  3.6
Long Blades    | 1 2 3 |  3.6
Axes           | 1 2 3 |  3.6
Maces & Flails | 1 2 3 |  3.6
Polearms       | 1 2 3 |  3.6
Staves         | 1 2 3 |  3.6
Slings         | 1 2 3 |  3.6
Bows           | 1 2 3 |  3.6
Crossbows      | 1 2 3 |  3.6
Armour         | 1 2 3 |  3.6
Stealth        | 1 2 3 |  3.6
Shields        | 1 2 3 |  3.6
Unarmed Combat | 1 2 3 |  3.6
Spellcasting   | 5 6 |  6.2
Invocations    | 1 2 3 4 |  4.0
Evocations     | 1 2 3 |  3.6
Conjurations   | 1 2 3 |  3.0
Hexes          | 1 2 3 |  3.0
Summonings     | 1 2 3 |  3.0
Necromancy     | 1 2 3 |  3.0
Translocations | 1 2 3 |  3.0
Transmutations | 1 2 3 |  3.0
Fire Magic     | 1 2 3 |  3.0
Ice Magic      | 1 2 3 |  3.0
Air Magic      | 1 2 3 |  3.0
Poison Magic   | 1 2 3 |  3.0
Dodging        | 3 4 |  4.5
Throwing       | 5 |  5.9
Fighting       | 9 |  9.3

Action                   |  1- 3 |  4- 6 |  7- 9 || total
-------------------------+-------+-------+-------++-------
Melee: Spear             |    60 |   224 |   115 ||   399
       Bite              |     3 |    24 |    43 ||    70
       Punch             |       |     1 |     1 ||     2
       Short sword       |       |    52 |    69 ||   121
       War axe           |       |       |    14 ||    14
       Hand axe          |       |       |   104 ||   104
 Cast: Sandblast         |       |     9 |     1 ||    10
Invok: Minor Destruction |       |       |     6 ||     6
  Use: Scroll            |       |    12 |     4 ||    16
       Potion            |       |     2 |       ||     2
 Stab: Sleeping          |     1 |     1 |     2 ||     4
Armor: Robe              |     5 |       |       ||     5
       Chain mail        |     7 |    13 |    69 ||    89
       Troll leather arm |       |    89 |    60 ||   149
Dodge: Dodged            |    27 |   166 |   150 ||   343

Table legend: (Time is in decaauts)
 A = Elapsed time spent in this place.
 B = Non-inter-level travel time spent in this place.
 C = Inter-level travel time spent in this place.
 D = Time resting spent in this place.
 E = Time spent auto-exploring this place.
 F = Levels seen in this place.
 G = Mean time per level.
                   A        B        C        D        E       F      G
               +--------+--------+--------+--------+--------+-----+--------+
         Total |   5324 |   5001 |    323 |     83 |   3301 |   6 |  887.3 |
       Dungeon |   5324 |   5001 |    323 |     83 |   3301 |   6 |  887.3 |
               +--------+--------+--------+--------+--------+-----+--------+

Top non-repeatable levels by time:
     D:3: 1069 daAuts
     D:5: 940 daAuts
     D:2: 938 daAuts
     D:1: 867 daAuts
     D:4: 780 daAuts
     D:6: 728 daAuts
